Unix NetHack Version 5.0.0-0 post-release - last build May 30 2026 05:04:26 (55804bc15828dd6e32e9076e0726aa6fccb6e981,branch:main).

Game began 2026-05-31 01:52:06, ended 2026-05-31 03:20:20.

BatBeefs, chaotic female human Rogue

  -----         ---------
  |<..---  ------.......--
  |.....---|.........--..|
  --..|....|.---------|..|
   --.|-.....-        |..|
    ---  ....         |..--
                      -...--
                       ....|
                        ...|
                         .a|
                         .@|
                         ---

BatBeefs the Rogue      St:17 Dx:15 Co:18 In:11 Wi:7 Ch:9  Chaotic
Dlvl:8  $:308 HP:0(57) Pw:21(21) AC:1  Xp:6 T:3472  Burdened

Latest messages:
 The soldier ant misses!
 It misses the soldier ant.
 The soldier ant bites!
 The soldier ant stings!
 The soldier ant's sting was poisoned!
 You hear some noises.
 Are you sure you want to pray? [yn] (n) y
 You begin praying to Kos.
 You are surrounded by a shimmering light.
 The soldier ant starts to attack you, but pulls back.
 It bites the watchman.
 The watchman wields a short sword!
 The soldier ant starts to attack you, but pulls back.
 The soldier ant starts to attack you, but pulls back.
 The soldier ant starts to attack you, but pulls back.
 You finish your prayer.
 You feel that Kos is well-pleased.
 You are surrounded by a golden glow.
 The soldier ant bites!
 The soldier ant misses!
 It misses the soldier ant.
 In what direction? k
 You throw 2 daggers.
 The 1st dagger misses the soldier ant.
 The 2nd dagger hits the soldier ant.
 The soldier ant bites!
 The soldier ant stings!
 It misses the soldier ant.
 In what direction? k
 You throw 2 daggers.
 The 1st dagger hits the soldier ant!
 The 2nd dagger misses the soldier ant.
 The soldier ant bites!
 The soldier ant stings!
 It bites the soldier ant.
 The soldier ant misses it.
 The soldier ant stings it.
 In what direction? k
 The dagger misses the soldier ant.
 The soldier ant bites!
 The soldier ant stings!
 It misses the soldier ant.
 The soldier ant bites!
 The soldier ant stings!
 You die...
 Do you want your possessions identified? [ynq] (y) y
 Do you want to see your attributes? [ynq] (y) y
 Do you want an account of creatures vanquished? [ynaq] (y) y
 Do you want to see your conduct and achievements? [ynq] (y) y
 Do you want to see the dungeon overview? [ynq] (y) n

Inventory:
 Coins    ('$')
  $ - 308 gold pieces
 Weapons  (')')
  b - a +0 dagger (alternate weapon; not wielded)
  p - 11 +0 daggers (at the ready)
  g - 2 corroded +0 daggers
  P - 4 cursed -2 daggers
  K - a +0 elven dagger
  w - a cursed -2 elven dagger
  f - 3 +0 orcish daggers
  x - a cursed -2 dwarvish mattock
  a - a +3 short sword (weapon in right hand)
 Armor    ('[')
  z - an uncursed rustproof +0 dwarvish iron helm
  o - a blessed +0 orcish helm (being worn)
  t - an uncursed +0 orcish helm
  M - a blessed +0 pair of iron shoes (being worn)
  N - an uncursed +0 pair of kicking boots
  S - an uncursed +0 dwarvish cloak (being worn)
  R - an uncursed +0 mummy wrapping
  j - an uncursed +0 dwarvish mithril-coat (being worn)
 Comestibles  ('%')
  T - 4 uncursed food rations
  k - an uncursed lichen corpse
 Scrolls  ('?')
  D - an uncursed scroll of enchant armor
 Spellbooks  ('+')
  C - an uncursed spellbook of knock
 Potions  ('!')
  E - an uncursed potion of extra healing
  B - an uncursed potion of full healing
  F - a cursed potion of gain energy
  y - 2 uncursed potions of healing
  H - an uncursed potion of object detection
  u - 2 cursed potions of paralysis
  r - an uncursed potion of see invisible
  d - an uncursed potion of sickness
  U - a potion of holy water
 Rings    ('=')
  G - a blessed +1 ring of increase damage named not T.C.
 Wands    ('/')
  O - a wand of lightning (0:4)
  s - a wand of make invisible (0:4)
  V - a wand of sleep (0:6)
  A - a wand of stasis named wtf (0:2)
 Tools    ('(')
  h - an empty uncursed sack
  c - an uncursed lock pick
  e - a +0 pick-axe
 Gems/Stones  ('*')
  L - an uncursed black opal
  W - an uncursed worthless piece of blue glass
  n - 2 uncursed worthless pieces of green glass
  I - an uncursed worthless piece of orange glass
  i - an uncursed worthless piece of red glass
  v - a cursed worthless piece of red glass named possibly cursed
  J - 3 uncursed worthless pieces of white glass
  X - 3 uncursed worthless pieces of yellow glass
  l - an uncursed worthless piece of yellowish brown glass

BatBeefs the Rogue's attributes:

Background:
 You were a Rogue, level 6 female human.
 You were chaotic, on a mission for Kos
 who was opposed by Issek (lawful) and Mog (neutral).
 You were right-handed.
 You were in the Gnomish Mines, on level 8.
 You entered the dungeon 3472 turns ago.
 It was nighttime.
 There was a full moon in effect when your adventure ended.
 You had 470 experience points, 170 more were needed to attain level 7.

Basics:
 You had 0 out of 57 hit points.
 You had all 21 energy points (spell power).
 Your armor class was 1.
 Your wallet contained 308 zorkmids.
 Autopickup was off.

Final Characteristics:
 Your strength was 17 (limit:18/100).
 Your dexterity was 15 (limit:18).
 Your constitution was 18 (limit:18).
 Your intelligence was 11 (limit:18).
 Your wisdom was 7 (limit:18).
 Your charisma was 9 (limit:18).

Final Status:
 You weren't hungry.
 You were burdened; movement was slightly slowed.
 You were wielding a short sword.
 You had basic skill with short sword and could have enhanced that.

Final Attributes:
 You were piously aligned.
 Your items were somewhat protected from fire.
 Your items were somewhat protected from cold.
 You were stealthy.
 You were guarded.
 You were lucky.
 You are dead.

Miscellaneous:
 You didn't encounter any bones levels.
 Total elapsed playing time was 1 hour, 27 minutes and 56 seconds.

Major events:
 Turn
    1: BatBeefs the chaotic female human Rogue entered the dungeon
  916: attained the rank of Cutpurse (level 3)
 1553: entered the Gnomish Mines
 2854: attained the rank of Rogue (level 6)
 3394: reached Mine Town
 3472: killed by a soldier ant

You didn't know any spells.

Skills:
 Fighting Skills
   bare handed combat [Unskilled]
   two weapon combat  [Unskilled]
   riding             [Unskilled]
 Weapon Skills
   dagger             [Basic]
   knife              [Unskilled]
   short sword        [Basic]
   broadsword         [Unskilled]
   long sword         [Unskilled]
   two-handed sword   [Unskilled]
   saber              [Unskilled]
   club               [Unskilled]
   mace               [Unskilled]
   morning star       [Unskilled]
   flail              [Unskilled]
   hammer             [Unskilled]
   polearms           [Unskilled]
   spear              [Unskilled]
   crossbow           [Unskilled]
   dart               [Unskilled]
   shuriken           [Unskilled]
 Spellcasting Skills
   divination spells  [Unskilled]
   escape spells      [Unskilled]
   matter spells      [Unskilled]

Voluntary challenges:
 Character rerolling was not enabled.
 You never genocided any monsters.
 You never polymorphed an object.
 You never changed form.
 You used no wishes.
Achievements:
 You attained the rank of Cutpurse.
 You entered the Gnomish Mines.
 You attained the rank of Rogue.
 You entered Minetown.

 The Dungeons of Doom: levels 1 to 5
    Level 1:
       An altar.
    Level 2:
       A sink.
    Level 3:
       Some altars.
    Level 4:
       A sink.
       Stairs down to The Gnomish Mines.
    Level 5:
 The Gnomish Mines: levels 5 to 8
    Level 5:
    Level 6:
    Level 7:
    Level 8: <- You were here.
       Final resting place for
          you, killed by a soldier ant.


Vanquished creatures:
  a gnome ruler
  a gnome mummy
  a rock piercer
  a shrieker
  4 gnome leaders
  a kobold mummy
  4 elf zombies
  a floating eye
  8 dwarves
  a homunculus
  2 monkeys
  2 dwarf zombies
  a wererat
  2 iguanas
  2 acid blobs
  2 coyotes
  a gas spore
  3 hobbits
  a large kobold
  3 giant rats
  2 cave spiders
  a brown mold
 24 gnomes
  4 garter snakes
  3 geckos
  3 jackals
  2 foxes
  5 goblins
  2 grid bugs
  2 lichens
  7 newts
97 creatures vanquished.

No species were genocided or became extinct.

Game over:
                       ----------
                      /          \
                     /    REST    \
                    /      IN      \
                   /     PEACE      \
                  /                  \
                  |     BatBeefs     |
                  |      308 Au      |
                  |   killed by a    |
                  |   soldier ant    |
                  |                  |
                  |                  |
                  |       2026       |
                 *|     *  *  *      | *
        _________)/\\_//(\/(/\)/\//\/|_)_______

Goodbye BatBeefs the Rogue...

You died in The Gnomish Mines on dungeon level 8 with 2518 points,
and 308 pieces of gold, after 3472 moves.
You were level 6 with a maximum of 57 hit points when you died.

